 Dungeon Crawl Stone Soup version 0.30.0-30-g96aa6591b8 (webtiles) character file.

Game seed: 19222707548253379

40012 AgateBread the Fencer (level 14, -4/172 HPs)
             Began as a Merfolk Ice Elementalist on June 28, 2023.
             Was a High Priest of Vehumet.
             Slain by a death yak (5 damage)
             ... on level 5 of the Lair of Beasts on June 30, 2023.
             The game lasted 02:17:21 (27252 turns).

AgateBread the Fencer (Merfolk Ice Elementalist)   Turns: 27252, Time: 02:17:21

Health: -4/172     AC: 27    Str:  8    XL:     14   Next: 9%
Magic:  26/26      EV:  2    Int: 15    God:    Vehumet [*****.]
Gold:   1078       SH:  5    Dex: 16    Spells: 14/29 levels left

rFire   . . .        Q - +2 double sword (holy)
rCold   + . .        (no shield)
rNeg    . . .        G - melded +2 robe {Archmagi}
rPois   +            L - melded +2 helmet {SInv}
rElec   .            r - melded scarf {rC+ rF+}
rCorr   +            K - melded +0 pair of gloves
SInv    .            i - melded +1 pair of boots
Will    +....        C - amulet of reflection
Stlth   ++           j - ring of protection from fire
HPRegen 0.48/turn    U - ring "Vofriq" {Ice rPois rCorr Int-3}
MPRegen 0.20/turn

%: reflection
@: tree-form
A: stationary, stasis, torment immunity, boosted hp, (nimble swimmer 2),
(mertail)
a: Renounce Religion


You were on level 5 of the Lair of Beasts.
You worshipped Vehumet.
Vehumet was extremely pleased with you.
You were a tree.
You visited 3 branches of the dungeon, and saw 19 of its levels.
You also visited: Gauntlet.

You collected 1516 gold pieces.
You spent 438 gold pieces at shops.

Inventory:

Hand Weapons
 p - the +4 quarterstaff "Eninwe" {vamp, +Blink rElec rF+ Int-2}
   (You took it off a minotaur in a Gauntlet)

   Int:       It affects your intelligence (-2).
   rF:        It protects you from fire.
   rElec:     It insulates you from electricity.
   +Blink:    It lets you blink.
 t - a +0 falchion of holy wrath
 v - a +3 scimitar of flaming
 Q - a +2 double sword of holy wrath (weapon)
 V - the +8 short sword of Xutoguhu {freeze, Dex+3}
   (You found it in a Gauntlet)

   Dex:       It affects your dexterity (+3).
Missiles
 x - 2 curare-tipped darts
 F - 2 throwing nets
 H - 5 datura-tipped darts
Armour
 i - a +1 pair of boots (melded)
 k - a +0 scale mail
 r - a scarf of resistance (melded)
 G - a +2 robe of the Archmagi (melded)
 J - the +5 plate armour "Faijiumich" {rF++ rC- Int+3}
   (You found it in a Gauntlet)

   Int:       It affects your intelligence (+3).
   rF:        It greatly protects you from fire.
   rC:        It makes you vulnerable to cold.
 K - a +0 pair of gloves (melded)
 L - a +2 helmet of see invisible (melded)
 O - +0 acid dragon scales
Magical Staves
 f - a staff of fire
 w - the staff of death "Hugy" {rF- rN+ rCorr Str+4}
   (You found it in a Gauntlet)

   [staff of death]

   Base accuracy: +5 Base damage: 5 Base attack delay: 1.2 This weapon's minimum
   attack delay (0.6) is reached at skill level 12.
   Str:       It affects your strength (+4).
   rF:        It makes you vulnerable to fire.
   rN:        It protects you from negative energy.
   rCorr:     It protects you from acid and corrosion.
   It falls into the 'Staves' category.
   It is a one-handed weapon.
 R - the staff of poison "Nolemu Cafo" {rPois Will+}
   (You found it on level 3 of the Lair of Beasts)

   [staff of poison]

   Base accuracy: +5 Base damage: 5 Base attack delay: 1.2 This weapon's minimum
   attack delay (0.6) is reached at skill level 12.
   rPois:     It protects you from poison.
   Will:      It increases your willpower.
   It falls into the 'Staves' category.
   It is a one-handed weapon.
Jewellery
 c - a ring of willpower
 d - a +6 ring of strength
 g - a ring of positive energy
 j - a ring of protection from fire (left branch)
 C - an amulet of reflection (around neck)
 U - the ring "Vofriq" (right branch) {Ice rPois rCorr Int-3}
   (You found it in a Gauntlet)

   [ring of ice]

   It enhances your ice magic.
   Int:       It affects your intelligence (-3).
   rF:        It makes you vulnerable to fire.
   rC:        It protects you from cold.
   rPois:     It protects you from poison.
   rCorr:     It protects you from acid and corrosion.
 Y - a +5 ring of evasion
Wands
 h - a wand of flame (29)
 q - a wand of iceblast (7)
 z - a wand of mindburst (8)
 M - a wand of digging (8)
Scrolls
 a - 2 scrolls of enchant armour
 b - 2 scrolls of amnesia
 e - 10 scrolls of teleportation
 m - 5 scrolls of immolation
 y - 5 scrolls of poison
 D - 3 scrolls of fear
 X - a scroll of fog
 Z - 4 scrolls of identify
Potions
 l - 2 potions of might
 o - 8 potions of curing
 s - 6 potions of brilliance
 u - 4 potions of attraction
 A - 4 potions of haste
 B - a potion of invisibility
 E - 4 potions of lignification
 N - a potion of berserk rage
 P - 4 potions of flight
Miscellaneous
 I - a phantom mirror
 W - a phial of floods


   Skills:
 - Level 12.0 Fighting
 - Level 16.0 Long Blades
 + Level 13.7 Dodging
 - Level 2.1 Stealth
 - Level 8.3 Spellcasting
 - Level 6.0 Summonings
 - Level 9.0 Ice Magic
 + Level 3.3 Poison Magic


You had 14 spell levels left.
You knew the following spells:

 Your Spells              Type           Power      Damage    Failure   Level
a - Olgreb's Toxic Radia  Pois           16%        N/A       8%          4
b - Frozen Ramparts       Ice            98%        1d15      1%          3
c - Summon Ice Beast      Ice/Summ       43%        N/A       5%          4
d - Ozocubu's Armour      Ice            49%        N/A       1%          3
e - Apportation           Tloc           12%        N/A       12%         1

Your spell library contained the following spells:

 Spells                   Type           Power      Damage    Failure   Level
 Freeze                   Ice            100%       1d10      1%          1
 Summon Small Mammal      Summ           96%        N/A       1%          1
 Foxfire                  Conj/Fire      24%        2x1d5     3%          1
 Call Canine Familiar     Summ           24%        N/A       3%          3
 Sting                    Tmut/Pois      44%        1d5       6%          1
 Inner Flame              Hex/Fire       6%         N/A       10%         3
 Summon Guardian Golem    Hex/Summ       15%        N/A       11%         3
 Necrotise                Necr           24%        1d5       12%         1
 Ice Form                 Ice/Tmut       29%        N/A       19%         4
 Flame Wave               Conj/Fire      6%         2d5       28%         4
 Sticky Flame             Conj/Fire      6%         2d3       28%         4
 Tukima's Dance           Hex            6%         N/A       34%         3
 Fireball                 Conj/Fire      3%         3d4       58%         5
 Yara's Violent Unravell  Hex/Tmut       3%         3d4       58%         5
 Passage of Golubria      Tloc           6%         N/A       75%         4
 Plasma Beam              Fire/Air       3%         2x1d14    98%         6
 Starburst                Conj/Fire      3%         6d3       98%         6


Dungeon Overview and Level Annotations

Branches:
Dungeon (13/15)            Temple (1/1) D:5            Lair (5/5) D:8
 Shoals (0/4) Lair:3       Spider (0/4) Lair:2        Slime (0/5) Lair:4
    Orc (0/2) D:9         Gauntlet (visited)
 Vaults: D:13-14

Altars:
Ashenzari
Cheibriados
Dithmenos
Elyvilon
Fedhas
Gozag
Hepliaklqana
Kikubaaqudgha
Makhleb
Nemelex Xobeh
Okawaru
Qazlal
Ru
Sif Muna
Trog
Uskayaw
Vehumet
Wu Jian
Xom
Yredelemnul
Zin
The Shining One
Jiyva

Shops:
D:5 *   D:12 ?

Annotations:
Lair:5 Snorg


Innate Abilities, Weirdness & Mutations

You are a tree.
Your roots penetrate the ground, keeping you stationary.
You cannot be teleported.
You are immune to unholy pain and torment.
Your maximum health is greatly increased.
Your equipment is partially melded.
((You are very nimble when in or above water. (Stealth+, EV+, Speed+++)))
((Your lower body shifts to a powerful aquatic tail in water.))


Message History

Your water moccasin's corpse dissolves into shadows!
Snorg beckons gently.
Really quaff the potion of lignification?
You turn into a tree.
Your scarf of resistance melds into your body.
Your +2 helmet of see invisible melds into your body.
Your +0 pair of gloves melds into your body.
Your +1 pair of boots melds into your body.
Your +2 robe of the Archmagi melds into your body.
You feel hot and cold all over.
You feel less perceptive.
You feel strangely numb.
Your roots penetrate the ground.
The death yak gores you but does no damage.
Your water moccasin bites the death yak.
You are confused.
You feel invigorated.
Your water moccasin bites the death yak but does no damage.
The death yak gores you but does no damage.
Your water moccasin bites the death yak but does no damage.
Snorg looks more healthy.
The death yak gores you!!
* * * LOW HITPOINT WARNING * * *
The death yak gores you!
* * * LOW HITPOINT WARNING * * *
Your water moccasin bites the death yak!
The death yak looks as sick as possible!
Your water moccasin poisons the death yak!
The death yak gores you!
* * * LOW HITPOINT WARNING * * *
Something gores your water moccasin.
The death yak gores your water moccasin but does no damage.
The death yak completely misses you.
Your water moccasin bites the death yak but does no damage.
You feel less invigorated.
You feel less confused.
Your water moccasin bites the death yak but does no damage.
The death yak gores you!
* * * LOW HITPOINT WARNING * * *
Something barely misses your water moccasin.
The death yak gores your water moccasin!
The death yak gores you.
You die...

### #########♣## ##. ###
##...##.##YY# .#..
##..##.#.###..YY.###....
.#.P..#....#..YS##†#.....
#............†...........
........Y...Y............
.......F....F....P.......
Y........##..............
.........P...............


You could see 4 death yaks, 2 yaks, a blink frog and a friendly water moccasin
(summoned).

Vanquished Creatures
  A minotaur (Gauntlet)
  Fannar (Lair:1)
  A catoblepas (Lair:5)
  A boulder beetle (D:12)
  2 centaur warriors (D:13)
  3 two-headed ogres
  Urug (D:10)
  Pikel (D:5)
  An ugly thing (D:13)
  2 cyclopes
  A worldbinder (Gauntlet)
  4 merfolk sirens (Lair:3)
  A moth of wrath (Gauntlet)
  A manticore (D:12)
  3 black mambas
  3 elephants (Lair:3)
  A gargoyle (D:12)
  13 cane toads
  An efreet (D:13)
  An unseen horror (D:8)
  A freezing wraith (D:13)
  3 rime drakes
  6 komodo dragons
  2 trolls
  Prince Ribbit (Lair:1)
  A hornet (D:9)
  A polar bear (Lair:3)
  6 blink frogs
  6 slime creatures
  4 flying skulls (Gauntlet)
  39 yaks
  3 shadows
  4 wyverns
  A vampire (D:13)
  A fire elemental (Lair:2)
  A wraith (D:13)
  4 vampire mosquitoes
  4 redbacks (Gauntlet)
  A steam dragon (D:9)
  3 acid dragons
  A nameless horror (Lair:3)
  14 water moccasins
  An ice beast (D:8)
  6 orc warriors
  4 sky beasts
  4 black bears
  A boggart (Gauntlet)
  A phantom (D:6)
  9 wolves (Lair:1)
  A centaur (D:9)
  2 lemures (D:5)
  A kobold brigand (D:9)
  8 bullfrogs
  3 gnoll sergeants
  2 scorpions
  A wight (D:9)
  5 killer bees
  3 howler monkeys
  A hound (D:7)
  4 jellies
  6 orc priests
  2 sleepcaps
  3 gnoll boudas
  4 iguanas
  10 orc wizards
  4 hell rats (Lair:3)
  26 gnolls
  9 adders
  A shadow imp (D:6)
  2 white imps
  4 ufetubi
  A worm (D:2)
  2 dart slugs
  24 orcs
  5 bats
  A bat zombie (D:13)
  11 endoplasms
  3 giant cockroaches
  5 goblins
  4 hobgoblins
  9 kobolds
  2 quokkas (D:1)
  5 ball pythons
  6 frilled lizards
  9 rats
  A rat zombie (D:13)
366 creatures vanquished.

Vanquished Creatures (collateral kills)
  A manticore (D:11)
  A cane toad (Lair:1)
  3 komodo dragons
  2 yaks
  A warg (D:9)
  2 water moccasins
  An acid dragon (D:11)
  A gnoll (D:9)
  4 orcs
16 creatures vanquished.

Vanquished Creatures (others)
  The ghost of Abishai the Gusty, an amateur DrAE of Okawaru (D:5)
1 creature vanquished.

Grand Total: 383 creatures vanquished

Notes
Turn   | Place    | Note
-------+----------+-------------------------------------------
     0 | D:1      | AgateBread the Merfolk Ice Elementalist began the quest for
                  | the Orb.
     0 | D:1      | Reached XP level 1. HP: 13/13 MP: 3/3
   176 | D:1      | Reached XP level 2. HP: 20/20 MP: 3/5
   219 | D:1      | Reached skill level 1 in Fighting
  1462 | D:1      | Reached XP level 3. HP: 26/26 MP: 4/6
  1650 | D:2      | Found a shimmering blue altar of Sif Muna.
  1888 | D:2      | Learned a level 3 spell: Frozen Ramparts
  2132 | D:2      | Reached skill level 5 in Ice Magic
  2681 | D:2      | Reached XP level 4. HP: 33/33 MP: 4/7
  3334 | D:3      | Found a shadowy altar of Dithmenos.
  3405 | D:3      | Found a faded altar of an unknown god.
  3418 | D:3      | Got Plato's Writings on Poisoning
  4235 | D:4      | Found a burning altar of Makhleb.
  4323 | D:4      | Noticed a scorpion
  4328 | D:4      | Killed a scorpion
  4329 | D:4      | Reached XP level 5. HP: 30/40 MP: 1/8
  5309 | D:4      | Reached skill level 5 in Dodging
  5698 | D:4      | Reached XP level 6. HP: 47/47 MP: 5/9
  5886 | D:5      | Entered Level 5 of the Dungeon
  5943 | D:5      | Found a staircase to the Ecumenical Temple.
  6006 | Temple   | Entered the Ecumenical Temple
  6224 | Temple   | Became a worshipper of Vehumet
  6280 | D:5      | Found a runed translucent door.
  6321 | D:5      | Noticed Abishai's ghost (amateur DrAE)
  6364 | D:5      | Killed Abishai's ghost
  6365 | D:5      | Reached XP level 7. HP: 35/55 MP: 3/10
  6477 | D:5      | Found Jety's Assorted Antiques.
  6485 | D:5      | Bought a scroll of identify for 54 gold pieces
  6485 | D:5      | Bought a scroll of teleportation for 81 gold pieces
  6485 | D:5      | Bought a glowing robe for 99 gold pieces
  6541 | D:5      | Noticed Pikel
  6556 | D:5      | Killed Pikel
  6557 | D:5      | Reached XP level 8. HP: 29/64 MP: 1/11
  6870 | D:5      | Learned a level 4 spell: Summon Ice Beast
  7178 | D:5      | Reached skill level 1 in Long Blades
  7178 | D:5      | Reached skill level 1 in Summonings
  7471 | D:6      | Reached skill level 2 in Long Blades
  8127 | D:6      | Reached skill level 3 in Long Blades
  8135 | D:6      | Found a hazy altar of Hepliaklqana.
  8444 | D:6      | Found an iron altar of Okawaru.
  8445 | D:6      | Found a glowing golden altar of the Shining One.
  8447 | D:6      | Found an ornate altar of the Wu Jian Council.
  8447 | D:6      | Found a stormy altar of Qazlal.
  8447 | D:6      | Found a sacrificial altar of Ru.
  8449 | D:6      | Found a hide-covered altar of Uskayaw.
  8449 | D:6      | Found a glowing silver altar of Zin.
  8449 | D:6      | Found a blossoming altar of Fedhas.
  8594 | D:6      | Reached * piety under Vehumet
  8594 | D:6      | Offered knowledge of Kiss of Death by Vehumet.
  8605 | D:6      | Reached skill level 4 in Long Blades
  8605 | D:6      | Reached XP level 9. HP: 45/70 MP: 5/12
  9530 | D:7      | Reached skill level 10 in Dodging
  9534 | D:7      | Learned a level 3 spell: Ozocubu's Armour
  9634 | D:7      | Reached skill level 5 in Long Blades
  9666 | D:7      | Found an opulent altar of Gozag.
 10400 | D:8      | Identified the +9 long sword "Raiptir" {heavy, rCorr Int+6}
 10409 | D:8      | Reached skill level 6 in Long Blades
 10428 | D:8      | Offered knowledge of Poisonous Vapours by Vehumet.
 10429 | D:8      | Reached skill level 5 in Summonings
 10723 | D:8      | Learned a level 1 spell: Apportation
 11296 | D:8      | Reached ** piety under Vehumet
 11371 | D:8      | You fall into a shaft and drop 2 floors!
 11371 | D:10     | Entered Level 10 of the Dungeon
 11728 | D:10     | Reached XP level 10. HP: 62/77 MP: 9/13
 11733 | D:10     | Reached skill level 7 in Long Blades
 12016 | D:10     | Noticed Urug
 12025 | D:10     | Reached skill level 8 in Long Blades
 12036 | D:10     | Killed Urug
 12037 | D:10     | Reached skill level 9 in Long Blades
 12859 | D:9      | Reached skill level 10 in Long Blades
 12939 | D:9      | Offered knowledge of Dazzling Flash by Vehumet.
 13008 | D:9      | Noticed a two-headed ogre
 13149 | D:9      | Reached *** piety under Vehumet
 13187 | D:9      | Killed a two-headed ogre
 13188 | D:9      | Reached XP level 11. HP: 69/85 MP: 14/16
 13317 | D:9      | Reached skill level 11 in Long Blades
 13646 | D:9      | Noticed a two-headed ogre
 13662 | D:9      | Killed a two-headed ogre
 13691 | D:9      | Found a staircase to the Orcish Mines.
 13746 | D:9      | Reached skill level 12 in Long Blades
 14451 | D:8      | Found a staircase to the Lair.
 15039 | D:11     | Found a gate leading to a gauntlet.
 15052 | D:11     | Offered knowledge of Iskenderun's Mystic Blast by Vehumet.
 15061 | D:11     | Reached skill level 13 in Long Blades
 15069 | D:11     | Noticed a two-headed ogre
 15077 | Gauntlet | Entered a Gauntlet
 15077 | Gauntlet | Found a transporter.
 15077 | Gauntlet | Found a transporter.
 15081 | Gauntlet | Found a transporter.
 15081 | Gauntlet | Found a transporter.
 15085 | Gauntlet | Found a transporter.
 15085 | Gauntlet | Found a transporter.
 15087 | Gauntlet | Noticed a worldbinder
 15120 | Gauntlet | Found a transporter.
 15123 | Gauntlet | Found a transporter.
 15125 | Gauntlet | Noticed a moth of wrath
 15137 | Gauntlet | Found a transporter.
 15156 | Gauntlet | Found a transporter.
 15156 | Gauntlet | Noticed a balrug
 15171 | Gauntlet | Found a transporter.
 15175 | Gauntlet | Found a transporter.
 15343 | Gauntlet | Noticed a manticore
 15343 | Gauntlet | Noticed a manticore
 15348 | Gauntlet | Killed a worldbinder
 15377 | Gauntlet | Identified the +5 plate armour "Faijiumich" {rF++ rC-
                  | Int+3}
 15472 | Gauntlet | Identified the staff of death "Hugy" {rF- rN+ rCorr Str+4}
 15490 | Gauntlet | Reached skill level 14 in Long Blades
 15495 | Gauntlet | Killed a moth of wrath
 16093 | Gauntlet | Identified the +4 quarterstaff "Eninwe" {vamp, +Blink rElec
                  | rF+ Int-2}
 16093 | Gauntlet | Noticed a minotaur
 16110 | Gauntlet | Killed a minotaur
 16509 | Gauntlet | Identified the +8 short sword of Xutoguhu {freeze, Dex+3}
 16509 | Gauntlet | Identified the ring "Vofriq" {Ice rPois rCorr Int-3}
 16569 | D:11     | Killed a two-headed ogre
 16570 | D:11     | Reached skill level 15 in Long Blades
 16650 | D:11     | Reached XP level 12. HP: 90/92 MP: 13/17
 16688 | D:11     | Found a shimmering blue altar of Sif Muna.
 17748 | D:12     | Found Dat Uck's Magic Scroll Emporium.
 17760 | D:12     | Bought a scroll of teleportation for 51 gold pieces
 17760 | D:12     | Bought 2 scrolls of teleportation for 102 gold pieces
 17760 | D:12     | Bought a scroll of teleportation for 51 gold pieces
 17964 | D:12     | Reached skill level 16 in Long Blades
 18652 | D:12     | Noticed a boulder beetle
 18697 | D:12     | Killed a boulder beetle
 19584 | D:13     | Reached skill level 5 in Spellcasting
 19942 | D:13     | Reached **** piety under Vehumet
 20193 | D:13     | Noticed a centaur warrior
 20208 | D:13     | Found an ancient bone altar of Kikubaaqudgha.
 20465 | D:13     | Identified the +2 flail of Tuppeasa {venom, rPois rCorr}
 20477 | D:13     | Noticed a centaur warrior
 20487 | D:13     | Killed a centaur warrior
 20857 | D:13     | Killed a centaur warrior
 21150 | Lair:1   | Entered Level 1 of the Lair of Beasts
 21153 | Lair:1   | Noticed Fannar
 21173 | Lair:1   | Killed Fannar
 21296 | Lair:1   | Reached XP level 13. HP: 94/102 MP: 17/22
 21363 | Lair:1   | Noticed Prince Ribbit
 21380 | Lair:1   | Offered knowledge of Fulminant Prism by Vehumet.
 21388 | Lair:1   | Reached skill level 10 in Fighting
 21388 | Lair:1   | Killed Prince Ribbit
 23174 | Lair:2   | Found a hole to the Spider Nest.
 23825 | Lair:3   | Found a staircase to the Shoals.
 23907 | Lair:3   | Identified the staff of poison "Nolemu Cafo" {rPois Will+}
 24457 | Lair:3   | Reached ***** piety under Vehumet
 24457 | Lair:3   | Offered knowledge of Olgreb's Toxic Radiance by Vehumet.
 25586 | Lair:3   | Learned a level 4 spell: Olgreb's Toxic Radiance
 25939 | Lair:4   | Found a viscous altar of Jiyva.
 25940 | Lair:4   | Found a staircase to the Slime Pits.
 26319 | Lair:4   | Reached skill level 1 in Poison Magic
 27064 | Lair:5   | Entered Level 5 of the Lair of Beasts
 27208 | Lair:5   | Reached XP level 14. HP: 76/114 MP: 21/26
 27245 | Lair:5   | Noticed Snorg
 27251 | Lair:5   | HP: 6/172 [death yak (10)]
 27252 | Lair:5   | HP: 1/172 [death yak (9)]
 27252 | Lair:5   | Slain by a death yak

Illustrated notes

Levels and vault maps discovered:
D:1:      kilobyte_arrival_exit_the_forest, layout_basic
D:2:      layout_basic, basic_altar, serial_bayou_pond_d,
          minmay_misc_feat_ornament, nicolae_hexahallways,
          chequers_serial_rivers_micro_e
D:3:      layout_basic, nicolae_dithmenos_shadow_blocks,
          shapermc_ecumenical_altar_rom_forum
D:4:      layout_basic, kennysheep_mini, kennysheep_big_empty_room
D:5:      layout_loops_ring, temple_pool_b, ebering_ghost_sewer_d, serial_shops,
          nicolae_shop_overgrown_old_shop, uniq_pikel
D:6:      layout_rooms, nicolae_overflows_in_rows
D:7:      layout_rooms, kennysheep_little_box
D:8:      layout_loops_ring, lair_entry_dummy
D:9:      layout_roguey, david_orc_3, onia_ninara_cookie
D:10:     layout_roguey, serial_co_window_serial, co_window_cross_1,
          co_window_of_opportunity_a, co_window_paths_a, co_window_paths_a,
          co_window_paths_a, co_window_corner_a, co_window_cross_1,
          co_window_of_opportunity_a, co_window_of_opportunity_a,
          co_window_corner_b, co_window_broadway_a, co_window_corner_cb,
          glass_columns_c, glass_columns_a, glass_columns_c, glass_columns_c,
          glass_columns_a, uniq_urug
D:11:     layout_gridville, gauntlet_entry_generic, minmay_gold_behind_fungi,
          lemuel_blue_sif_altar
D:12:     layout_basic, serial_shops, nicolae_shop_crystal,
          grunt_decor_one_mirror
D:13:     layout_stronghold, lemuel_zombie_altar_kikubaaqudgha
Temple:   jpeg_temple_alley_garden
Lair:1:   layout_cave_shapes, uniq_prince_ribbit2, uniq_fannar
Lair:2:   layout_gridlike, spider_nest_entry_web_field
Lair:3:   layout_regular_city, elwin_shoals_entry_stream,
          chequers_serial_rivers_small_b
Lair:4:   layout_regular_city, minmay_slime_entry_pillars
Lair:5:   minmay_lair_end_enchanted_forest, layout_cave_shapes,
          infiniplex_staircase_pool_2, uniq_snorg

Skill      XL: |  1  2  3  4  5  6  7  8  9 10 11 12 13 14 |
---------------+-------------------------------------------+-----
Dodging        | 3 4 5 6 8 9 10 11 13 | 13.7
Fighting       | 1 2 3 4 6 7 9 11 12 | 12.0
Ice Magic      | 5 6 7 8 9 |  9.0
Long Blades    | 4 6 10 15 16 | 16.0
Summonings     | 3 5 6 |  6.0
Spellcasting   | 3 6 8 |  8.3
Poison Magic   | 2 3 |  3.3
Stealth        | |  2.1

Action                     |  1- 3 |  4- 6 |  7- 9 | 10-12 | 13-15 || total
---------------------------+-------+-------+-------+-------+-------++-------
  Melee: Club              |     4 |       |       |       |       ||     4
         Dagger            |    18 |     7 |       |       |       ||    25
         Falchion          |       |    49 |   184 |    16 |       ||   249
         Punch             |       |     2 |     4 |     6 |     5 ||    17
         Double sword      |       |       |       |   271 |   340 ||   611
         Tailslap          |       |       |       |       |     4 ||     4
  Throw: Dart              |       |     4 |     3 |       |       ||     7
         Throwing net      |       |       |     1 |     4 |       ||     5
         Javelin           |       |       |     4 |     2 |       ||     6
   Cast: Freeze            |    60 |    31 |    22 |     2 |       ||   115
         Frozen Ramparts   |       |     8 |    30 |    41 |    27 ||   106
         Ozocubu's Armour  |       |       |     7 |    23 |     7 ||    37
         Summon Ice Beast  |       |       |       |    27 |    17 ||    44
         Olgreb's Toxic Ra |       |       |       |       |     2 ||     2
  Evoke: Wand              |       |       |    15 |    15 |     5 ||    35
    Use: Potion            |     1 |     1 |     2 |    10 |     2 ||    16
         Scroll            |     2 |     6 |    11 |    13 |     7 ||    39
   Stab: Sleeping          |     1 |       |     3 |     3 |     1 ||     8
         Invisible         |       |       |     2 |       |       ||     2
         Held in net/web   |       |       |       |     4 |       ||     4
         Distracted        |       |       |       |     2 |       ||     2
         Petrified         |       |       |       |       |     1 ||     1
 Armour: Robe              |    19 |    16 |    63 |    69 |    86 ||   253
         Skin              |       |       |       |       |     2 ||     2
  Dodge: Dodged            |    48 |    56 |   246 |   257 |   198 ||   805
  Block: Other             |       |       |       |    79 |    67 ||   146
         Reflection        |       |       |       |     2 |       ||     2
